 Dungeon Crawl Stone Soup version 0.28.0-47-ge53b351184 (webtiles) character file.

Game seed: 9343584967107753706

16214 DildoBatman the Geomancer (level 12, -4/87 HPs)
             Began as a Formicid Conjurer on Apr 27, 2022.
             Was a High Priest of Kikubaaqudgha.
             Slain by an orc warrior
             ... wielding a +0 short sword
              (14 damage)
             ... on level 1 of the Orcish Mines.
             The game lasted 00:50:06 (12563 turns).

DildoBatman the Geomancer (Formicid Conjurer)      Turns: 12563, Time: 00:50:07

Health: -4/87      AC: 11    Str: 13    XL:     12   Next: 67%
Magic:  25/31      EV: 12    Int: 18    God:    Kikubaaqudgha [*****.]
Gold:   864        SH:  4    Dex: 13    Spells: 8/25 levels left

rFire   . . .      SeeInvis +   b - +2 halberd (protect)
rCold   . . .      Faith    .   i - +0 buckler
rNeg    . . .      Spirit   .   o - +4 troll leather armour
rPois   .          Reflect  .   (helmet unavailable)
rElec   .          Harm     .   D - +0 cloak
rCorr   .          Rampage  .   (no gloves)
Will    +....                   k - +0 pair of boots
Stlth   ++........              (no amulet)
HPRegen 1.04/turn               K - ring of wizardry
MPRegen 0.22/turn               S - ring of magical power

@: no status effects
A: permanent stasis, dig shafts and tunnels, antennae 3, four strong arms
a: Dig, Shaft Self, Renounce Religion, Receive Corpses, Torment


You were on level 1 of the Orcish Mines.
You worshipped Kikubaaqudgha.
Kikubaaqudgha was extremely pleased with you.
You visited 2 branches of the dungeon, and saw 11 of its levels.
You also visited: Sewer and Bailey.

You collected 864 gold pieces.

Inventory:

Hand Weapons
 a - a +2 shortbow of flaming
 b - a +2 halberd of protection (weapon)
 d - a +2 falchion of flaming
 e - a +2 whip of electrocution
 f - a +2 short sword of venom
Missiles
 q - 15 poisoned darts (quivered)
 v - 295 stones
 x - 35 sling bullets
 B - 11 boomerangs
 J - 5 silver boomerangs
 T - 153 arrows
 U - 2 throwing nets
 X - 72 bolts
Armour
 i - a +0 buckler (worn)
 k - a +0 pair of boots (worn)
 n - a +2 ring mail of fire resistance
 o - a +4 troll leather armour (worn)
 D - a +0 cloak (worn)
 G - a +2 robe of willpower
Magical Staves
 W - a staff of conjuration
Jewellery
 K - a ring of wizardry (left hand)
 S - a ring of magical power (right hand)
Wands
 s - a wand of digging (4)
 w - a wand of acid (6)
 H - a wand of iceblast (10)
 L - a wand of paralysis (10)
 R - a wand of mindburst (5)
Scrolls
 j - 3 scrolls of immolation
 p - 3 scrolls of silence
 t - a scroll of noise {unknown}
 u - 4 scrolls of enchant armour
 y - a scroll of blinking {unknown}
 A - 6 scrolls of enchant weapon
 C - a scroll of fog {unknown}
 F - a scroll of teleportation {unknown}
 Q - a scroll of summoning
 V - a scroll of torment {unknown}
Potions
 c - 5 potions of flight
 g - a potion of might {unknown}
 h - 3 potions of mutation {unknown}
 l - a potion of lignification {unknown}
 m - 8 potions of curing
 r - a potion of brilliance
 z - a potion of berserk rage {unknown}
 E - a potion of ambrosia {unknown}
 I - 3 potions of heal wounds {unknown}
 M - 2 potions of magic {unknown}
 N - 3 potions of haste {unknown}
 O - a potion of invisibility
 P - a potion of resistance {unknown}


   Skills:
 * Level 5.8 Fighting
 * Level 5.8 Armour
 * Level 3.8 Dodging
 - Level 2.4 Stealth
 - Level 3.0 Shields
 - Level 7.0 Spellcasting
 - Level 6.0 Conjurations
 - Level 12.0 Necromancy
 - Level 12.0 Earth Magic


You had 8 spell levels left.
You knew the following spells:

 Your Spells              Type           Power      Damage    Failure   Level
a - Searing Ray           Conj           54%        2d6       1%          2
b - Borgnjor's Vile Clut  Necr/Erth      24%        N/A       1%          5
c - Magic Dart            Conj           100%       1d8       1%          1
d - Vampiric Draining     Necr           49%        2d9       1%          3
h - Dispel Undead         Necr           49%        3d18      1%          4
z - Sublimation of Blood  Necr           49%        N/A       1%          2

Your spell library contained the following spells:

 Spells                   Type           Power      Damage    Failure   Level
 Animate Skeleton         Necr           98%        N/A       1%          1
 Pain                     Necr           100%       1d9       1%          1
 Animate Dead             Necr           24%        N/A       1%          4
 Excruciating Wounds      Necr           24%        N/A       1%          5
 Dazzling Flash           Conj/Hex       34%        N/A       6%          3
 Anguish                  Hex/Necr       13%        N/A       6%          4
 Leda's Liquefaction      Hex/Erth       13%        N/A       6%          4
 Petrify                  Tmut/Erth      27%        N/A       6%          4
 Call Canine Familiar     Summ           6%         N/A       19%         3
 Frozen Ramparts          Ice            12%        1d3       19%         3
 Portal Projectile        Hex/Tloc       12%        N/A       19%         3
 Fulminant Prism          Conj/Hex       8%         3d7       19%         4
 Hailstorm                Conj/Ice       17%        3d6       19%         4
 Iskenderun's Mystic Bla  Conj/Tloc      17%        2d5       19%         4
 Irradiate                Conj/Tmut      8%         3d16      45%         5
 Ice Form                 Ice/Tmut       6%         N/A       52%         4
 Summon Ice Beast         Ice/Summ       6%         N/A       52%         4
 Simulacrum               Ice/Necr       13%        N/A       61%         6


Dungeon Overview and Level Annotations

Branches:
Dungeon (9/15)             Temple (0/1) D:5            Lair (0/6) D:8
    Orc (2/2) D:9             Elf (0/3) Orc:2         Sewer (visited)
 Bailey (visited)

Altars:
Kikubaaqudgha
Xom

Shops:
D:1 *   D:2 :   D:4 (

Annotations:
D:3 3 runed translucent doors, Zeus21348's ghost, weakling MiBe
D:4 exclusion: steam dragon
D:6 2 transporters, Kaptain's ghost, novice GrEE


Innate Abilities, Weirdness & Mutations

You cannot be hasted, slowed, berserked, paralysed or teleported.
You can dig through walls and to a lower floor.
You have a pair of large antennae on your head. (SInv)
Your four strong arms can wield two-handed weapons with a shield.


Message History

The zombie hands lose their grip on something.
Casting: Borgnjor's Vile Clutch (dangerous; 1% risk of failure)
Confirm with . or Enter, or press ? or * to list all spells.
You can't see any susceptible monsters within range! (Use Z to cast anyway.)
Casting: Borgnjor's Vile Clutch (dangerous; 1% risk of failure)
Confirm with . or Enter, or press ? or * to list all spells.
Aiming: Borgnjor's Vile Clutch (dangerous; 1% risk of failure)
Press: ? - help, Shift-Dir - straight line, f/p - orc warlord
Aim: an orc warlord, wielding a +0 arbalest, wearing a +0 plate armour and quivering bolts (moderately wounded, 100% to hit)
Zombie hands grab the orc warlord.
The zombie hands constrict the orc warlord, but do no damage.
The orc warlord shoots a bolt.
The bolt hits you!!
The zombie hands constrict the orc warlord!
The orc warlord escapes!
The orc warlord shoots a bolt.
The bolt closely misses you.
The orc warlord shoots a bolt.
The bolt misses you.
There is a stone staircase leading up here.
The orc warlord shoots a bolt.
You block the bolt.
You climb upwards.
The orc knight unwields a +3 war axe.
The orc knight wields a +0 arbalest.
The orc knight shoots a bolt.
The bolt closely misses you.
The bolt hits the troll!!
The orc hits you with a +0 dagger. The orc barely misses you.
The orc warrior hits you with a +0 short sword!
The orc hits you but does no damage.
The orc warrior hits you with a +0 flail.
The orc knight shoots a bolt.
The bolt hits you!!
You hear a shout!
There is a stone staircase leading down, spattered with blood here.
The orc warrior hits you with a +0 short sword!
You die...
Kikubaaqudgha rasps: "You have failed me!
Welcome... death!"

.. ......
..##.....
.#....... .
#.......# ## ..
...........#...
..$....o#.o....
.....oTo....$..
.....T.@o......
......oTo......
...##..........
# #...........
#....$...o...
##...##......
...# ...$#.
##.# .....


You could see an orc knight, 3 trolls, 3 orc warriors and 4 orcs.

Vanquished Creatures
  A hydra (D:9)
  2 two-headed ogres (D:9)
  4 orc knights
  2 orc sorcerers (Orc:2)
  A kobold demonologist (D:7)
  A komodo dragon (D:8)
  3 trolls
  A polar bear (D:9)
  Sigmund (D:5)
  A wyvern (D:8)
  Eustachio (D:6)
  11 yaks (D:9)
  2 basilisks (D:8)
  3 wargs (Orc:2)
  3 water moccasins
  Duvessa (D:7)
  A swamp drake (D:8)
  8 ice beasts
  A sky beast (D:4)
  27 orc warriors
  2 necrophages (D:6)
  2 black bears
  2 wolves (D:9)
  9 ogres
  A centaur (D:9)
  A kobold brigand (Sewer)
  3 bullfrogs
  Blork the orc (D:6)
  A wyvern zombie (D:7)
  A gnoll sergeant (D:8)
  A wyvern skeleton (D:7)
  Dowan (D:7)
  A water moccasin skeleton (D:5)
  4 killer bees (D:9)
  7 wights
  An electric eel (D:9)
  2 howler monkeys (D:6)
  A centaur zombie (D:5)
  3 jellies
  2 bullfrog skeletons
  15 orc priests
  A gnoll shaman (D:8)
  2 iguanas
  2 centaur skeletons (D:7)
  8 orc wizards
  A centaur simulacrum (D:9)
  A hound zombie (D:5)
  2 howler monkey zombies (D:8)
  A hound skeleton (D:4)
  2 adders
  16 gnolls
  2 river rats (Sewer)
  A shadow imp (D:5)
  4 white imps
  An ufetubus (D:5)
  2 worms (D:4)
  2 dart slugs (D:2)
  68 orcs
  5 endoplasms
  2 giant cockroaches
  10 goblins
  7 hobgoblins
  6 jackals
  7 kobolds
  5 quokkas
  6 ball pythons
  4 bats
  12 frilled lizards
  4 rats
320 creatures vanquished.

Vanquished Creatures (collateral kills)
  3 orcs (Orc:2)
3 creatures vanquished.

Vanquished Creatures (others)
  2 basilisks (D:8)
  2 orc wizards (Orc:2)
  4 plants (D:2)
8 creatures vanquished.

Grand Total: 331 creatures vanquished

Notes
Turn   | Place    | Note
-------+----------+-------------------------------------------
     0 | D:1      | DildoBatman the Formicid Conjurer began the quest for the
                  | Orb.
     0 | D:1      | Reached XP level 1. HP: 13/13 MP: 3/3
     9 | D:1      | Found a faded altar of an unknown god.
   171 | D:1      | Found Uraloemn's Assorted Antiques.
   230 | D:1      | Reached XP level 2. HP: 19/19 MP: 1/5
   240 | D:1      | Learned a level 2 spell: Searing Ray
   508 | D:1      | Reached XP level 3. HP: 24/24 MP: 2/6
  1692 | D:2      | Reached skill level 5 in Conjurations
  1692 | D:2      | Reached XP level 4. HP: 30/30 MP: 0/7
  1844 | D:1      | Prayed at the altar of an unknown god.
  1844 | D:1      | Became a worshipper of Kikubaaqudgha
  1844 | D:1      | Reached * piety under Kikubaaqudgha
  1844 | D:1      | Received a gift from Kikubaaqudgha
  2065 | D:2      | Found Sesm's Book Shoppe.
  2261 | D:3      | Found a runed translucent gate.
  2261 | D:3      | Found a runed translucent gate.
  2261 | D:3      | Found a runed translucent gate.
  2272 | D:3      | Noticed Zeus21348's ghost (weakling MiBe)
  2898 | D:4      | Reached XP level 5. HP: 35/35 MP: 3/8
  3076 | D:4      | Found a glowing drain.
  3122 | Sewer    | Entered a sewer
  3149 | Sewer    | Reached XP level 6. HP: 33/42 MP: 0/9
  3334 | Sewer    | Reached ** piety under Kikubaaqudgha
  3340 | Sewer    | Reached skill level 1 in Fighting
  3340 | Sewer    | Reached skill level 1 in Armour
  3403 | Sewer    | Found a white marble altar of Elyvilon.
  3561 | D:4      | Found Kisirokk's Antique Weapon Shoppe.
  3728 | D:4      | Noticed a steam dragon
  3784 | D:5      | Entered Level 5 of the Dungeon
  3784 | D:5      | Noticed a black bear
  3804 | D:5      | Noticed a sky beast
  3805 | D:5      | Noticed Sigmund
  4112 | D:4      | Killed a sky beast
  4113 | D:4      | Reached XP level 7. HP: 41/50 MP: 3/13
  4234 | D:5      | Killed Sigmund
  4235 | D:5      | Reached skill level 5 in Spellcasting
  4378 | D:5      | Found a staircase to the Ecumenical Temple.
  4424 | D:5      | Reached XP level 8. HP: 32/56 MP: 4/17
  5162 | D:6      | Found a transporter.
  5162 | D:6      | Noticed Kaptain's ghost (novice GrEE)
  5487 | D:6      | Noticed Eustachio
  5498 | D:6      | Killed Eustachio
  5499 | D:6      | Reached XP level 9. HP: 29/66 MP: 1/19
  5628 | D:6      | Reached skill level 5 in Armour
  5636 | D:6      | Reached skill level 5 in Fighting
  5636 | D:6      | Reached skill level 1 in Necromancy
  5909 | D:6      | Found a transporter.
  6003 | D:6      | Noticed Blork the orc
  6026 | D:6      | Killed Blork the orc
  6223 | D:7      | Noticed Dowan
  6304 | D:7      | Noticed Duvessa
  6315 | D:7      | Killed Duvessa
  6315 | D:7      | Reached *** piety under Kikubaaqudgha
  6315 | D:7      | Received a gift from Kikubaaqudgha
  6324 | D:7      | Reached skill level 5 in Necromancy
  6407 | D:7      | Killed Dowan
  6801 | D:7      | Reached XP level 10. HP: 65/74 MP: 13/20
  6842 | D:7      | Learned a level 2 spell: Sublimation of Blood
  6846 | D:7      | Learned a level 3 spell: Vampiric Draining
  6851 | D:7      | Learned a level 4 spell: Dispel Undead
  6857 | D:7      | Learned a level 5 spell: Borgnjor's Vile Clutch
  6937 | D:7      | Noticed a kobold demonologist
  6961 | D:7      | Killed a kobold demonologist
  7911 | D:8      | Found a staircase to the Lair.
  7969 | D:8      | Found a flagged portal.
  7985 | Bailey   | Entered a bailey
  8522 | Bailey   | Reached **** piety under Kikubaaqudgha
  8534 | Bailey   | Reached skill level 5 in Earth Magic
  8561 | Bailey   | Noticed an orc knight
  8741 | Bailey   | Killed an orc knight
  8775 | Bailey   | Noticed an orc knight
  8778 | Bailey   | Noticed an orc knight
  8999 | Bailey   | Killed an orc knight
  9000 | Bailey   | Reached XP level 11. HP: 50/79 MP: 11/21
  9218 | Bailey   | Killed an orc knight
 10099 | D:8      | Found a hazy altar of Hepliaklqana.
 10108 | D:8      | Found an iron altar of Okawaru.
 10108 | D:8      | Found a shimmering altar of Xom.
 10112 | D:8      | Found a shimmering blue altar of Sif Muna.
 10112 | D:8      | Found a burning altar of Makhleb.
 10112 | D:8      | Found a shadowy altar of Dithmenos.
 10270 | D:9      | Found a staircase to the Orcish Mines.
 10368 | D:9      | Noticed a two-headed ogre
 10376 | D:9      | Killed a two-headed ogre
 10377 | D:9      | Reached skill level 10 in Earth Magic
 10432 | D:9      | Noticed an eight-headed hydra
 10459 | D:9      | Killed an eight-headed hydra
 10460 | D:9      | Reached skill level 10 in Necromancy
 10818 | D:9      | Noticed a two-headed ogre
 10830 | D:9      | Killed a two-headed ogre
 10831 | D:9      | Reached XP level 12. HP: 46/86 MP: 1/22
 11206 | D:9      | Reached ***** piety under Kikubaaqudgha
 11360 | Orc:1    | Entered Level 1 of the Orcish Mines
 11511 | Orc:2    | Entered Level 2 of the Orcish Mines
 12219 | Orc:2    | Found a staircase to the Elven Halls.
 12386 | Orc:2    | Noticed an orc warlord
 12563 | Orc:1    | Slain by an orc warrior

Illustrated notes

Levels and vault maps discovered:
D:1:      dpeg_arrival_water_temple_mockup, layout_basic,
          ebering_ecumenical_altar_webs, serial_shops,
          nicolae_shop_overgrown_old_shop, minmay_lizard_pond
D:2:      layout_basic, serial_shops, nicolae_diamond_shop,
          serial_bayou_lagoon_b
D:3:      layout_loops_ring, gammafunk_ghost_split
D:4:      layout_rooms, serial_shops, shop, cheibrodos_sewer_entry_bend
D:5:      layout_loops_ring, minmay_temple_entry_water_ring, uniq_sigmund
D:6:      layout_loops_ring, gammafunk_ghost_arena, uniq_eustachio,
          uniq_blork_the_orc
D:7:      layout_loops_cross, uniq_duvessa
D:8:      layout_basic, doesnt_xom_only_xom, erik_lair_dragon, enter_bailey_5,
          nicolae_benzene_ring
D:9:      layout_cave_pools, orc_0_dummy, serial_ice, serial_ice_b,
          serial_ice_d, serial_ice_o, serial_ice_k, serial_ice_n, serial_ice_e
Orc:1:    layout_caves
Orc:2:    pubby_orc_utopia

Skill      XL: |  1  2  3  4  5  6  7  8  9 10 11 12 |
---------------+-------------------------------------+-----
Conjurations   | 4 5 6 |  6.0
Fighting       | 2 4 5 |  5.8
Armour         | 2 4 5 |  5.8
Spellcasting   | 4 6 7 |  7.0
Dodging        | 3 |  3.8
Necromancy     | 6 9 10 12 | 12.0
Earth Magic    | 7 11 12 | 12.0
Shields        | 3 |  3.0
Stealth        | |  2.4

Action                   |  1- 3 |  4- 6 |  7- 9 | 10-12 || total
-------------------------+-------+-------+-------+-------++-------
Melee: Short sword       |     5 |       |       |       ||     5
       Dagger            |    10 |       |       |       ||    10
       Whip              |       |     5 |    15 |    36 ||    56
       Punch             |       |       |     1 |       ||     1
       Falchion          |       |       |     1 |       ||     1
       Halberd           |       |       |       |   100 ||   100
 Fire: Hunting sling     |    12 |    53 |    53 |   118 ||   236
       Shortbow          |       |       |       |    12 ||    12
Throw: Dart              |       |       |       |    14 ||    14
 Cast: Magic Dart        |    61 |    36 |    19 |    13 ||   129
       Searing Ray       |     3 |    12 |    48 |    33 ||    96
       Borgnjor's Vile C |       |       |       |   127 ||   127
       Sublimation of Bl |       |       |       |    20 ||    20
 Abil: Dig               |       |       |       |     6 ||     6
Evoke: Wand              |       |       |       |     1 ||     1
  Use: Scroll            |       |       |       |     9 ||     9
       Potion            |       |       |       |     2 ||     2
 Stab: Sleeping          |       |       |     1 |     2 ||     3
Armor: Robe              |     7 |     5 |    22 |    26 ||    60
       Ring mail         |       |       |     2 |       ||     2
       Troll leather arm |       |       |       |    50 ||    50
Dodge: Dodged            |    16 |    22 |    51 |   162 ||   251
Block: Buckler           |       |       |       |    51 ||    51
